 Dungeon Crawl Stone Soup version 0.21-a0-517-gd76cfe0 (webtiles) character file.

382 slep the Poker (level 6, -1/56 HPs)
             Began as a Minotaur Monk on Dec 3, 2017.
             Was a Believer of Okawaru.
             Slain by an ooze (2 damage)
             ... in a sewer.
             The game lasted 00:10:26 (2315 turns).

slep the Poker (Minotaur Monk)                      Turns: 2315, Time: 00:10:27

Health: -1/56      AC:  3    Str: 15    XL:     6   Next: 47%
Magic:  5/5        EV: 11    Int:  5    God:    Okawaru [**....]
Gold:   105        SH:  0    Dex: 15    Spells: 5/5 levels left

rFire    . . .     SeeInvis .   a - +0 spear
rCold    . . .     Gourm    .   (no shield)
rNeg     . . .     Faith    .   v - +0 leather armour (curse)
rPois    +         Spirit   .   (helmet restricted)
rElec    .         Reflect  .   (no cloak)
rCorr    .         Harm     .   (no gloves)
MR       .....     Rnd*Rage +   (no boots)
Stlth    ++........             (no amulet)
HPRegen  0.18/turn              j - ring of poison resistance
MPRegen  0.09/turn              (no ring)

@: constricted
A: retaliatory headbutt, horns 2, berserk 1, dopey 1
a: Heroism, Renounce Religion


You were in a sewer.
You worshipped Okawaru.
Okawaru was pleased with you.
You were not hungry.

You visited 1 branch of the dungeon, and saw 3 of its levels.
You also visited: Sewer.

You collected 105 gold pieces.

Inventory:

Hand Weapons
 a - a +0 spear (weapon)
Missiles
 i - a throwing net (quivered)
Armour
 b - a +0 robe
 f - a +0 ring mail
 q - a +3 leather armour
 u - a +1 leather armour of fire resistance
 v - a cursed +0 leather armour (worn)
Jewellery
 j - a ring of poison resistance (left hand)
Wands
 y - a wand of paralysis (16)
Scrolls
 d - a scroll of random uselessness {unknown}
 e - 2 scrolls of identify {unknown}
 h - a scroll of teleportation {unknown}
 k - 2 scrolls of magic mapping {unknown}
 l - 3 scrolls of fog {unknown}
 n - a scroll of immolation {unknown}
 o - a scroll of amnesia {unknown}
 p - a scroll of remove curse {unknown}
 x - a scroll of enchant armour {unknown}
Potions
 r - 2 potions of curing
 s - a potion of resistance {unknown}
 w - a potion of flight {unknown}
 z - a potion of brilliance {unknown}
 A - a potion of magic {unknown}
Comestibles
 c - 3 bread rations
 m - a meat ration
 t - a royal jelly


   Skills:
 + Level 5.0 Fighting
 + Level 6.1 Polearms
 + Level 2.9 Armour
 + Level 4.4 Dodging
 + Level 2.3 Stealth


You had 5 spell levels left.
You didn't know any spells.

Dungeon Overview and Level Annotations

Branches:
Dungeon (3/15)

Altars:
Makhleb
Okawaru
Sif Muna
The Shining One


Innate Abilities, Weirdness & Mutations

You reflexively headbutt those who attack you in melee.
You have a pair of horns on your head.
You tend to lose your temper in combat.
You are dopey. (Int -2)


Message History

You are poisoned.
The adder poisons you!
It was a potion of curing.
You feel better.
The bullfrog hits you but does no damage.
The bullfrog hits you.
* * * LOW HITPOINT WARNING * * *
The ooze hits you.
* * * LOW HITPOINT WARNING * * *
The adder bites you.
* * * LOW HITPOINT WARNING * * *
The ball python barely misses you. The ball python constricts you.
The bullfrog hits you!
* * * LOW HITPOINT WARNING * * *
The bullfrog barely misses you.
It was a potion of mutation.
You feel extremely strange.
You feel a little pissed off.
You feel stupid. x2; You feel clever. The adder bites you.
* * * LOW HITPOINT WARNING * * *
The ooze hits you.
You die...

#≈≈≈≈≈≈#####
#≈≈≈≈≈
#≈≈≈≈≈≈#
#≈†≈÷≈
#≈≈≈≈≈≈#
#≈≈†≈≈
#≈≈≈≈≈≈#
#≈≈≈≈≈
#≈≈≈≈≈≈#
#≈≈≈≈≈
#≈≈≈≈≈≈#
#≈....
#≈≈≈≈≈≈#
#≈..(.
#≈.F≈≈≈#
#≈....
#≈@Sl≈≈#
#≈≈≈≈≈
#FJS≈≈≈#
#≈≈≈≈≈
#S#≈≈≈≈#
#≈≈≈≈≈
#≈≈≈≈≈≈#
#≈≈≈≈≈
#≈≈†≈≈≈#
#≈≈≈≈≈
#≈≈≈≈≈≈#
#≈≈≈≈≈
#≈≈≈#≈≈#
#≈≈≈≈≈
##....##
#.....
......
#.....


You could see 2 bullfrogs, an ooze, an adder, 2 ball pythons and a frilled
lizard.

Vanquished Creatures
  Sigmund (D:3)
  The ghost of lpl32 the Ducker, a weakling FeMo (D:3)
  6 river rats (Sewer)
  6 adders
  A dart slug (D:2)
  2 worms
  A leopard gecko (D:1)
  9 ball pythons
  4 giant cockroaches
  9 goblins
  3 hobgoblins (D:2)
  9 jackals
  7 kobolds
  2 quokkas (D:2)
  8 bats
  8 frilled lizards
  25 rats
102 creatures vanquished.

Notes
Turn   | Place    | Note
-------+----------+-------------------------------------------
     0 | D:1      | slep the Minotaur Monk began the quest for the Orb.
     0 | D:1      | Reached XP level 1. HP: 19/19 MP: 0/0
   148 | D:1      | Reached XP level 2. HP: 18/27 MP: 1/1
   265 | D:1      | Reached skill level 4 in Polearms
   480 | D:2      | Reached XP level 3. HP: 33/33 MP: 2/2
   718 | D:2      | Found a burning altar of Makhleb.
   759 | D:2      | Reached XP level 4. HP: 24/41 MP: 3/3
   979 | D:2      | Found a glowing golden altar of the Shining One.
   981 | D:2      | Found an iron altar of Okawaru.
   987 | D:2      | Became a worshipper of Warmaster Okawaru
   987 | D:2      | Reached * piety under Okawaru
   987 | D:2      | Reached ** piety under Okawaru
   997 | D:2      | Reached skill level 1 in Armour
  1140 | D:2      | Found a deep blue altar of Sif Muna.
  1219 | D:3      | Found a faded altar of an unknown god.
  1227 | D:3      | Noticed Sigmund
  1240 | D:3      | Killed Sigmund
  1240 | D:3      | Reached skill level 5 in Polearms
  1240 | D:3      | Reached XP level 5. HP: 20/47 MP: 4/4
  1252 | D:3      | Noticed lpl32's ghost (weakling FeMo)
  1260 | D:3      | HP: 1/47 [lpl32's ghost (5)]
  1274 | D:3      | Killed lpl32's ghost
  1344 | D:3      | Found a glowing drain.
  1428 | Sewer    | Entered a sewer
  1666 | Sewer    | Reached XP level 6. HP: 48/55 MP: 5/5
  1955 | Sewer    | Reached skill level 6 in Polearms
  2312 | Sewer    | Reached skill level 5 in Fighting
  2315 | Sewer    | Gained mutation: You tend to lose your temper in combat. [potion of mutation]
  2315 | Sewer    | Gained mutation: You are dopey. (Int -2) [potion of mutation]
  2315 | Sewer    | Gained mutation: You are very dopey. (Int -4) [potion of mutation]
  2315 | Sewer    | Lost mutation: You are very dopey. (Int -4) [potion of mutation]
  2315 | Sewer    | HP: 1/56 [adder (2)]
  2315 | Sewer    | Slain by an ooze

Vault maps used:
D:1:      lightli_arrival_quake, minmay_pentomino_q2
D:2:      grunt_temple_overflow_open, lemuel_blue_sif_altar,
          nicolae_overflow_crystal_walls, first_bread
D:3:      gammafunk_temple_overflow_pools, cheibrodos_sewer_entry_sluice,
          chequers_ecumenical_altar_simple, uniq_sigmund
Sewer:    sewer_minmay_w

Skill      XL: |  1  2  3  4  5  6 |
---------------+-------------------+-----
Polearms       | 4 5 6 |  6.1
Fighting       | 4 5 |  5.0
Armour         | 2 |  2.9
Dodging        | 4 |  4.4
Stealth        | 2 |  2.3

Action                   |  1- 3 |  4- 6 || total
-------------------------+-------+-------++-------
Melee: Spear             |   127 |   138 ||   265
       Headbutt          |    16 |    27 ||    43
  Use: Potion            |       |     5 ||     5
 Stab: Sleeping          |     4 |       ||     4
  Eat: Chunk             |       |     5 ||     5
Armor: Ring mail         |    32 |       ||    32
       Leather armour    |     6 |    21 ||    27
Dodge: Dodged            |    85 |   125 ||   210

Table legend:
 A = Spawn XP
 B = Non-spawn XP
 C = Spawn XP percentage of total XP
 D = Spawn monster count
 E = Non-spawn monster count
 F = Spawn count percentage of total count
 G = Total turns spent on level
                    A         B        C        D         E        F      G
               +---------+---------+-------+---------+---------+-------+---------
         Total |       0 |     546 |   0.0 |       0 |     102 |   0.0 |  2315
               +---------+---------+-------+---------+---------+-------+---------
           D:1 |       0 |      40 |   0.0 |       0 |      26 |   0.0 |   474
           D:2 |       0 |      66 |   0.0 |       0 |      28 |   0.0 |   686
           D:3 |       0 |     263 |   0.0 |       0 |       7 |   0.0 |   268
         Sewer |       0 |     177 |   0.0 |       0 |      41 |   0.0 |   887
               +---------+---------+-------+---------+---------+-------+---------
